[Event "Live Chess"]
[Site "Chess.com"]
[Date "2023.09.16"]
[Round "-"]
[White "Jonas_Rodrigues"]
[Black "guto-XVI"]
[Result "1-0"]
[WhiteElo "1297"]
[BlackElo "1518"]
[TimeControl "900+5"]
[EndTime "15:33:30 PDT"]
[Termination "Jonas_Rodrigues venceu por desistência"]

1. e4 c5 2. d4 cxd4 3. c3 Nf6 4. Bc4 e6 5. Nf3 Nxe4 6. cxd4 d5 7. Bb5+ Nc6 8. O-O Bd6 9. Ne5 Bd7 10. Nxd7 Qxd7 11. f3 Nf6 12. Na3 a6 13. Bxc6 bxc6 14. Qb3 O-O 15.
Nc2 c5 16. dxc5 Bxc5+ 17. Kh1 Rab8 18. Qd3 Qd6 19. Ne3 Bb6 20. Nc4 Qc6 21. Ne5 Qc7 22.
Bf4 Bc5 23. Rac1 Qb6 24. Rxc5 Qxc5 25. Rc1 Qe7 26. Nc6 Qb7 27. Bxb8 Rxb8 28. Nxb8 Qxb8 29. Qxa6 g6 30. Rc8+ 1-0

[Event "Live Chess"]
[Site "Chess.com"]
[Date "2023.09.16"]
[Round "-"]
[White "stopgivingup"]
[Black "Arthur_Maciel"]
[Result "0-1"]
[WhiteElo "977"]
[BlackElo "1120"]
[TimeControl "900+5"]
[EndTime "15:33:31 PDT"]
[Termination "Arthur_Maciel venceu por desistência"]

1. c4 e5 2. Nc3 Nc6 3. g3 Nf6 4. Bg2 Bb4 5. e3 Bxc3 6. dxc3 O-O 7. Ne2 d6 8. O-O Bg4 9. h3 Bh5 10. Re1 Na5 11. b3 Nc6 12. Qd3 Bg6 13. e4 Qe7 14. Bd2 Rfd8 15. Qf3 Bxe4 16. Qe3 Bxg2 17. Kxg2 d5 18.
f3 dxc4 19. bxc4 Rd7 20. Nc1 Rad8 21. Nb3 a5 22. Rad1 b6 23. a4 Qa3 24. Rb1 Qxa4 25.
Qe2 Qa2 26. Red1 a4 27. Na1 Rxd2 28. Rxd2 Rxd2 29. Qxd2 Qxd2+ 30. Kf1 Qd3+ 0-1

[Event "Live Chess"]
[Site "Chess.com"]
[Date "2023.09.16"]
[Round "-"]
[White "GilbertoGOFaria"]
[Black "Cocecion"]
[Result "1/2-1/2"]
[WhiteElo "1662"]
[BlackElo "1679"]
[TimeControl "900+5"]
[EndTime "15:34:06 PDT"]
[Termination "Partida empatada por acordo"]

1. d4 Nf6 2. Nf3 g6 3. c4 Bg7 4. Nc3 d5 5. cxd5 Nxd5 6. Bf4 Nxf4 7. e3 Nd5 8. Bc4 c6 9. O-O O-O 10. a3 Bg4 11. h3 Bxf3 12. Qxf3 e6 13. Rad1 Qf6 14.
Qe2 Nd7 15. Ne4 Qe7 16. Qc2 N7f6 17. Ng3 Rad8 18. Ne2 c5 19. Rd2 cxd4 20. Nxd4 Nb6 21. Be2 Rc8 22. Qb3 Rfd8 23. Rfd1 Qc5 24. Nxe6 fxe6 25.
Rxd8+ Kf7 26. Rxc8 Qxc8 27. Bf3 Nfd5 28. Kf1 a6 29. e4 Qc4+ 30. Qxc4 Nxc4 31. exd5 Nxb2 32. dxe6+ Kxe6 33. Rb1 Kd6 34. Re1 b6 35. h4 a5 36.
Re2 Nc4 37. Rc2 Ne5 38. Ba8 Bh6 39. g3 Nd7 40. a4 Nc5 41. Rc4 Bg7 42. Ke2 h6 43. f4 Bf6 44. Kf3 Ke6 45. Bc6 Kf5 46.
Bb5 h5 47. Rc2 Ne6 48. Rc6 Nd4+ 49. Ke3 Nxc6 50. Bxc6 Bc3 51. Kf3 Be1 52. Bd7+ Kf6 53. Be8 Bb4 54. g4 hxg4+ 55. Kxg4 Bd2 56. Bd7 Ke7 57. Bb5 Be1 58. h5 gxh5+ 59. Kxh5 Kf6 60. Kg4 Bc3 61. Bd3 Ke6 62. f5+ Kf6 63. Kh5 Bd4 64. Kg4 Bf2 65. Kf4 Bc5 66. Ke4 1/2-1/2

[Event "Live Chess"]
[Site "Chess.com"]
[Date "2023.09.16"]
[Round "-"]
[White "Lucas-LGM"]
[Black "Fellipezin"]
[Result "0-1"]
[WhiteElo "1578"]
[BlackElo "1592"]
[TimeControl "900+5"]
[EndTime "15:34:43 PDT"]
[Termination "Fellipezin venceu por desistência"]

1. e4 e5 2. Nf3 Nc6 3. Bb5 a6 4. Ba4 Nf6 5. O-O b5 6. Bb3 Be7 7. Re1 O-O 8. c3 d6 9. h3 h6 10.
d3 Re8 11. Nbd2 Bf8 12. Nf1 Ne7 13. Ng3 Ng6 14. Be3 Be6 15. Bc2 Qc8 16. Kh2 c5 17.
d4 cxd4 18. cxd4 exd4 19. Nxd4 Qb7 20. Nxe6 Rxe6 21. a3 Ree8 22. b4 Rad8 23. Bb3 Ne5 24. Bd4 Rd7 25. Re2 Red8 26. f4 Ng6 27. Bxf6 gxf6 28. Qd2 Bg7 29. f5 Ne5 30. Nf1 Nc4 31. Qd3 d5 32. exd5 Rxd5 33. Qe4 Qc7+ 34. Kh1 Rd3 35.
Bxc4 Qxc4 36. Qxc4 bxc4 37. a4 Rb3 38. Nd2 Rxb4 39.
Re4 Rxd2 40. Re8+ Bf8 41. Ra8 Rb6 42. Rf1 c3 43. Rf3 c2 44. Rg3+ Kh7 45. Rxf8 c1=Q+ 46. Kh2 Qc7 47. h4 Rb3 48. Rxf7+ Qxf7 49. Rxb3 Qxb3 0-1

[Event "Live Chess"]
[Site "Chess.com"]
[Date "2023.09.16"]
[Round "-"]
[White "Ferazo"]
[Black "Miinero"]
[Result "1/2-1/2"]
[WhiteElo "1425"]
[BlackElo "1919"]
[TimeControl "900+5"]
[EndTime "15:36:02 PDT"]
[Termination "Partida empatada por acordo"]

1. c4 e5 2. Nc3 f5 3. g3 Nf6 4. Bg2 c6 5. d3 Bc5 6. Nf3 d6 7.
O-O O-O 8. a3 a6 9. b4 Ba7 10. a4 e4 11. dxe4 fxe4 12. Nd2 d5 13. cxd5 cxd5 14. Nb3 Bg4 15. Bg5 Nbd7 16. Nxd5 h6 17.
Nxf6+ Nxf6 18. Qxd8 Raxd8 19. Bxf6 Rxf6 20. Rae1 Bf5 21. Nc5 1/2-1/2

[Event "Live Chess"]
[Site "Chess.com"]
[Date "2023.09.16"]
[Round "-"]
[White "Capi-D-Vara"]
[Black "ViniciusBritoFc"]
[Result "1-0"]
[WhiteElo "1285"]
[BlackElo "1179"]
[TimeControl "900+5"]
[EndTime "15:36:29 PDT"]
[Termination "Capi-D-Vara venceu por xeque-mate"]

1. e4 c5 2. c3 a6 3. d4 Nc6 4. Bd3 cxd4 5. cxd4 e6 6. Ne2 g6 7. Nd2 Bg7 8. Nf3 Nge7 9. Bg5 O-O 10. Qd2 d5 11. e5 Qa5 12. h4 Qxd2+ 13. Nxd2 b5 14. h5 Nb4 15. Nc1 Nxd3+ 16. Nxd3 f6 17.
exf6 Bxf6 18. Nf3 Bxg5 19. Nxg5 Nc6 20. hxg6 hxg6 21. Kd2 Nxd4 22. Rh4 Nf5 23. Rh7 a5 24. Ne5 Ng7 25. Rah1 Nh5 26. Ng4 Rf5 27. Nh6+ Kf8 28. Nxf5 exf5 29. Re1 Nf6 30. Rf7+ Kg8 31. Rxf6 Kg7 32. Rf7+ Kh6 33. f4 b4 34. Rh1# 1-0

[Event "Live Chess"]
[Site "Chess.com"]
[Date "2023.09.16"]
[Round "-"]
[White "samurai0718"]
[Black "Mell46"]
[Result "0-1"]
[WhiteElo "1335"]
[BlackElo "1385"]
[TimeControl "900+5"]
[EndTime "15:36:39 PDT"]
[Termination "Mell46 venceu por desistência"]

1. e4 e5 2. Nf3 Nc6 3. d4 exd4 4. Nxd4 Nxd4 5. Qxd4 Qf6 6. e5 Qg6 7. Qc3 Qb6 8. Be3 Qb4 9. Qxb4 Bxb4+ 10. Bd2 Bc5 11.
Nc3 c6 12. Ne4 Bd4 13. Nd6+ Ke7 14. Nxc8+ Rxc8 15. Bc3 Bxc3+ 16. bxc3 Ke6 17. f4 Ne7 18. Bc4+ d5 19. exd6+ Kxd6 20. Rd1+ Nd5 21. Bb3 Rhe8+ 22. Kf2 Kc5 23. c4 Nxf4 24. g3 Ng6 25. Rd7 Re7 26. Rxe7 Nxe7 27. Re1 Rc7 28. a4 Rd7 29. Re2 f6 30. g4 Ng6 31. Kg3 Ne5 32. g5 Rd4 33.
Kh3 Ng6 34. Rf2 Nf4+ 35. Kg3 fxg5 36. h4 h6 37. hxg5 hxg5 38. Rf3 g6 39. Ba2 Rd2 40. Rf2 Nh5+ 41. Kg2 Rxf2+ 42. Kxf2 g4 43. c3 g3+ 44. Kg2 Kd6 45. Bb3 Ke5 46. Bd1 Kf4 47. c5 Nf6 48.
Bc2 g5 49. Bd1 Ne4 50. Bf3 Nxc3 51. a5 Nd5 52. a6 Ne3+ 53. Kh3 bxa6 54. Bxc6 g4+ 55.
Kh4 g2 56. Bxg2 Nxg2+ 57. Kh5 Ne3 58. c6 Nd5 59. Kg6 g3 60. Kf7 g2 61. Ke6 Nc7+ 62.
Kd7 Nb5 63. c7 Nxc7 64. Kxc7 g1=Q 0-1

[Event "Live Chess"]
[Site "Chess.com"]
[Date "2023.09.16"]
[Round "-"]
[White "VictoryisAbsolute"]
[Black "Frogstetic"]
[Result "0-1"]
[WhiteElo "610"]
[BlackElo "2014"]
[TimeControl "900+5"]
[EndTime "15:36:44 PDT"]
[Termination "Frogstetic venceu por desistência"]

1. e4 e6 2. Nc3 d5 3. Bb5+ c6 4.
Bd3 Nf6 5. exd5 cxd5 6. Bb5+ Bd7 7. Nf3 Nc6 8. d3 Bb4 9. O-O O-O 10. Bg5 h6 11. Bxc6 bxc6 12. Bxf6 Qxf6 13. d4 c5 14. Qd3 a6 15. Ne5 Be8 16. a3 Bxc3 17. bxc3 Bb5 18. c4 dxc4 19. Nxc4 Qxd4 20. Rad1 Bxc4 21. Qxd4 cxd4 22.
Rfe1 Rfd8 23. c3 dxc3 24. Rxd8+ Rxd8 25. Rc1 c2 26. g3 Rd1+ 27. Kg2 Bd5+ 28. Kh3 Rxc1 0-1

[Event "Live Chess"]
[Site "Chess.com"]
[Date "2023.09.16"]
[Round "-"]
[White "GustavoFarinha"]
[Black "CroNmo"]
[Result "0-1"]
[WhiteElo "1710"]
[BlackElo "1829"]
[TimeControl "900+5"]
[EndTime "15:37:31 PDT"]
[Termination "CroNmo venceu por xeque-mate"]

1. e4 c5 2. Nf3 e6 3. d4 cxd4 4. Nxd4 Nf6 5. Nc3 d6 6. Bg5 Be7 7. f4 h6 8. Bh4 O-O 9. Qf3 e5 10.
fxe5 dxe5 11. Nf5 Bxf5 12. Qxf5 Nc6 13. Bd3 Re8 14. O-O-O Qc8 15. Qf2 Ng4 16. Qe1 Bxh4 17.
Qxh4 Nf6 18. Rhf1 a6 19. h3 Qd8 20. Qf2 Qd4 21. Qf3 Re6 22. Qf2 Qxf2 23. Rxf2 Rd8 24.
Rdf1 Re7 25. Nd5 Nxd5 26. exd5 Rxd5 27. Bc4 Rdd7 28. a3 b5 29. Ba2 Kf8 30. g4 f6 31.
h4 Ke8 32. g5 hxg5 33. hxg5 Kd8 34. gxf6 gxf6 35. Rxf6 Kc7 36. c3 e4 37. R6f2 Ne5 38.
Bb1 e3 39. Re2 Rf7 40. Rxf7 Rxf7 41. Rxe3 Rf1+ 42. Kc2 Rf2+ 43. Kb3 Nc4 44. Re1 Rxb2# 0-1

[Event "Live Chess"]
[Site "Chess.com"]
[Date "2023.09.16"]
[Round "-"]
[White "Cantalicioo"]
[Black "Yurxx21"]
[Result "1/2-1/2"]
[WhiteElo "1503"]
[BlackElo "1478"]
[TimeControl "900+5"]
[EndTime "15:37:43 PDT"]
[Termination "Partida empatada por acordo"]

1. d4 Nf6 2. c4 g6 3. Nc3 Bg7 4. Nf3 d6 5. e4 O-O 6. Bd3 Nbd7 7. O-O Re8 8. Re1 b6 9. Be3 Bb7 10. d5 e6 11. Qd2 exd5 12. cxd5 Ng4 13. Bf4 Nde5 14.
Nxe5 Nxe5 15. Rad1 Nxd3 16. Qxd3 Qh4 17. Qe3 Be5 18.
Bxe5 Rxe5 19. Qg3 Qxg3 20. hxg3 Rae8 21. f4 R5e7 22. a4 f5 23. Rd4 fxe4 24. Rdxe4 Rxe4 25. Rxe4 Rxe4 26. Nxe4 Kf7 27. Nc3 Kf6 28. g4 Bc8 29.
Ne4+ Kg7 30. g5 Bf5 31. Nc3 Bd3 32. Kf2 a6 33. Ke3 Bf1 34. Kf2 Bd3 35. Ke3 Bc4 36.
Kd4 Bf1 37. g3 b5 38. axb5 axb5 39. b4 Bc4 40. Ke4 h6 41. g4 hxg5 42. fxg5 Kf7 1/2-1/2

[Event "Live Chess"]
[Site "Chess.com"]
[Date "2023.09.16"]
[Round "-"]
[White "Japaawz"]
[Black "RDW085"]
[Result "0-1"]
[WhiteElo "401"]
[BlackElo "1406"]
[TimeControl "900+5"]
[EndTime "15:38:07 PDT"]
[Termination "RDW085 venceu por xeque-mate"]

1. e4 c6 2. d3 d5 3. exd5 cxd5 4. Nc3 Bf5 5. Bf4 e6 6. Qh5 Nf6 7. Qh4 Be7 8. O-O-O Ne4 9. Qg3 Nxg3 10. Bxg3 Qb6 11.
Na4 Qb4 12. b3 O-O 13. Be5 Nc6 14. Nf3 Nxe5 15. Nxe5 b5 16. Nb2 Bf6 17. Nd7 Bxb2+ 18. Kxb2 Rfd8 19. Ne5 a5 20. Nc6 Qg4 21. Re1 Rdc8 22.
Ne5 Qd4+ 23. Kb1 a4 24. g4 a3 25. gxf5 Qb2# 0-1

[Event "Live Chess"]
[Site "Chess.com"]
[Date "2023.09.16"]
[Round "-"]
[White "FerreiraPedro"]
[Black "Gabriel0298"]
[Result "1-0"]
[WhiteElo "1401"]
[BlackElo "1602"]
[TimeControl "900+5"]
[EndTime "15:39:05 PDT"]
[Termination "FerreiraPedro venceu por desistência"]

1. Nf3 e6 2. c4 d5 3. cxd5 exd5 4. g3 Nf6 5. Bg2 Bd6 6. O-O c6 7. Nc3 O-O 8. Rb1 Bg4 9. d3 Nbd7 10. b4 Re8 11. b5 Qc7 12. bxc6 bxc6 13. Bb2 Ne5 14. Nxe5 Bxe5 15. Qd2 Rab8 16. Rfc1 Bxc3 17. Bxc3 Rxb1 18.
Rxb1 Bxe2 19. Bxf6 gxf6 20. Qc3 Re6 21. Bxd5 Rd6 22.
Be4 Bh5 23. Qc5 Bg6 24. Rb4 Bxe4 25. Rxe4 Rxd3 26. Rg4+ 1-0

[Event "Live Chess"]
[Site "Chess.com"]
[Date "2023.09.16"]
[Round "-"]
[White "Luisgustavo100"]
[Black "Tercette"]
[Result "1-0"]
[WhiteElo "947"]
[BlackElo "138"]
[TimeControl "900+5"]
[EndTime "15:44:10 PDT"]
[Termination "Luisgustavo100 venceu por desistência"]

1. e4 e5 2. Nf3 Bb4 3. c3 Bc5 4. d4 Bd6 5. dxe5 Nc6 6. exd6 cxd6 7. Qxd6 Na5 8. b3 Qe7 9. Qxe7+ Kxe7 10. Bc4 Nf6 11. O-O Nxe4 12. Re1 Nxc4 13. Rxe4+ Kf8 14. Rxc4 d5 15. Rd4 Bd7 16. Rxd5 Rd8 17. Bf4 Ke7 18. Nbd2 Ke6 19. c4 b5 20. Re5+ Kf6 21. h3 g5 22.
Nxg5 h6 23. Ngf3 Rdg8 24. Rae1 Rg6 25. Re7 Rhg8 26. g3 bxc4 27. Rxd7 cxb3 28. axb3 R6g7 29. Bxh6 Rh7 30. Bf4 Rxh3 31. Ree7 Rhh8 32. Rxf7+ Kg6 33. Ne5+ Kh5 34. Rxa7 Rf8 35. Rxf8 Rxf8 36. b4 Rd8 37. b5 Rb8 38. Ra5 Rb6 39. Nd7 Rb7 40. Nc5 Rb8 41.
Bxb8 Kg4 42. b6 Kh3 43. b7 Kg4 44. Bf4 Kf5 45. b8=Q Kf6 46. Nce4+ 1-0

[Event "Live Chess"]
[Site "Chess.com"]
[Date "2023.09.16"]
[Round "-"]
[White "Gabriel0298"]
[Black "Japaawz"]
[Result "1-0"]
[WhiteElo "1602"]
[BlackElo "413"]
[TimeControl "900+5"]
[EndTime "15:44:26 PDT"]
[Termination "Gabriel0298 venceu por desistência"]

1. e4 d6 2. d4 Nf6 3. Nc3 Bg4 4.
Nf3 Nc6 5. Bg5 Nb4 6. a3 Nc6 7. Bxf6 exf6 8. Bb5 Qe7 9. d5 Bxf3 10. Qxf3 Rb8 11. dxc6 bxc6 12. Bxc6+ Kd8 13. O-O Rb6 14. e5 dxe5 15. Rad1+ Kc8 16. Qf5+ Kb8 17. Rd7 Qe8 18. Rfd1 Bd6 19. R7xd6 cxd6 20. Bxe8 Rxe8 21. Qd7 Rc8 22. Nd5 Rb7 23. Qxd6+ Ka8 24. c3 Rxb2 25. Nc7+ Kb7 26. Nd5 g5 27. Qd7+ Kb8 28. Nb4 a5 29. Na6+ 1-0

[Event "Live Chess"]
[Site "Chess.com"]
[Date "2023.09.16"]
[Round "-"]
[White "abcgames2904"]
[Black "Joasgodoy"]
[Result "1-0"]
[WhiteElo "1181"]
[BlackElo "681"]
[TimeControl "900+5"]
[EndTime "15:45:31 PDT"]
[Termination "abcgames2904 venceu por desistência"]

1. g3 Nc6 2. Bg2 b6 3. Nf3 Bb7 4. O-O e5 5. d3 Bd6 6. Nc3 Nd4 7. e3 Bxf3 8. Bxf3 Nxf3+ 9. Qxf3 Rb8 10. d4 Nf6 11. dxe5 Bxe5 12. Bd2 c6 13. Qf5 d6 14.
f4 Bxc3 15. Bxc3 O-O 16. Rad1 Re8 17. Be5 g6 18. Qxf6 Qxf6 19. Bxf6 Rxe3 20. Rxd6 Rbe8 21. Be5 Re2 22. c4 b5 23. Rfd1 Re4 24. Rd8 Kf8 25.
Bd6+ Kg7 26. Be5+ f6 27. R1d7+ Kh6 28. Rxe8 bxc4 29. Kf2 fxe5 30. Rxe5 Rxe5 31. fxe5 Kg5 32. Ke3 1-0

[Event "Live Chess"]
[Site "Chess.com"]
[Date "2023.09.16"]
[Round "-"]
[White "CroNmo"]
[Black "Cantalicioo"]
[Result "1-0"]
[WhiteElo "1832"]
[BlackElo "1481"]
[TimeControl "900+5"]
[EndTime "15:45:45 PDT"]
[Termination "CroNmo venceu por desistência"]

1. d4 Nf6 2. c4 g6 3. Nf3 Bg7 4. Nc3 d6 5. e3 O-O 6. Be2 c5 7. O-O d5 8. cxd5 cxd4 9. Qxd4 Ng4 10. Qd1 Qd6 11. h3 Nf6 12. e4 Nh5 13. e5 Bxe5 14. Nxe5 Qxe5 15. Bxh5 Qxh5 16. Qxh5 gxh5 17. Bf4 e6 18.
dxe6 Bxe6 19. Rfe1 Nc6 20. Bh6 Rfe8 21. Ne4 Red8 22.
Nf6+ Kh8 23. Nxh5 Rd6 24. Bf4 Rd5 25. Nf6 Rf5 26. Bd2 Rxf6 27. Bc3 Kg7 28. Re3 Re8 29. Rg3+ Kf8 30. Bxf6 1-0

[Event "Live Chess"]
[Site "Chess.com"]
[Date "2023.09.16"]
[Round "-"]
[White "guto-XVI"]
[Black "IMelefante38"]
[Result "1-0"]
[WhiteElo "1519"]
[BlackElo "784"]
[TimeControl "900+5"]
[EndTime "15:46:20 PDT"]
[Termination "guto-XVI venceu por desistência"]

1. Nf3 c5 2. c4 Nc6 3. Nc3 g6 4. g3 Bg7 5. Bg2 Nf6 6. O-O e5 7. d3 h5 8. h4 Nh7 9. e4 Bf6 10.
Nd5 g5 11. Nxf6+ Nxf6 12. Bxg5 O-O 13. Qd2 Nxe4 14. dxe4 f6 15. Be3 Kf7 16. Qd5+ Kg7 17. Bxc5 Ne7 18. Bxe7 Qxe7 19. Rfd1 Rd8 20. Bh3 d6 21.
Bxc8 Raxc8 22. b3 Kh6 23. Kg2 Qf8 24. Rd2 Rc5 25. Qxb7 1-0

[Event "Live Chess"]
[Site "Chess.com"]
[Date "2023.09.16"]
[Round "-"]
[White "Miinero"]
[Black "ViniciusBritoFc"]
[Result "1-0"]
[WhiteElo "1920"]
[BlackElo "1179"]
[TimeControl "900+5"]
[EndTime "15:46:43 PDT"]
[Termination "Miinero venceu por desistência"]

1. e4 c5 2. f4 a6 3. Nf3 Nc6 4. Bc4 e6 5. a4 g6 6. O-O Bg7 7. Kh1 Nge7 8. d3 O-O 9. Qe1 b6 10.
c3 d5 11. Bb3 dxe4 12. dxe4 Bb7 13. Be3 Na5 14. Bc2 Nc4 15. Nbd2 Nxb2 16. Qh4 Bxc3 17.
f5 exf5 18. Ng5 h5 19. Ndf3 Nc4 20. Rad1 Qc7 21. Bc1 Ne3 22. Bxe3 f6 23. Ne6 Qc8 24. Nxf8 Kxf8 25. exf5 Nxf5 26. Bxf5 Qxf5 27. Ng5 Bxg2+ 28. Kxg2 Qg4+ 29. Qxg4 hxg4 30. Ne6+ Kf7 31. Nc7 Rh8 32. Nd5 Ba5 33. Rxf6+ Kg7 34. Rdf1 1-0

[Event "Live Chess"]
[Site "Chess.com"]
[Date "2023.09.16"]
[Round "-"]
[White "silvaaps"]
[Black "Sophowl"]
[Result "1-0"]
[WhiteElo "760"]
[BlackElo "262"]
[TimeControl "900+5"]
[EndTime "15:47:35 PDT"]
[Termination "silvaaps venceu por xeque-mate"]

1. e4 e5 2. Nf3 f6 3. d3 Bc5 4.
Be3 Bb4+ 5. c3 Ba5 6. b4 b6 7.
bxa5 bxa5 8. d4 Nc6 9. dxe5 fxe5 10. Nfd2 Nf6 11. Bc4 Rf8 12. Bg5 Ne7 13. Bxf6 Rxf6 14.
Qh5+ Kf8 15. Qxh7 Ng6 16. Qg8+ Ke7 17. Qxd8+ Kxd8 18. Nf3 Rb8 19. O-O Nf4 20. Re1 d5 21. Bxd5 Nxd5 22. Nxe5 Nf4 23. Nd2 Nd3 24. Re3 Nxe5 25.
Rg3 Be6 26. Rxg7 Bxa2 27. Rxa2 Rb1+ 28. Nf1 Nd3 29. g3 Nc1 30. Rxa5 Ne2+ 31. Kg2 Rxf2+ 32. Kxf2 Nc1 33. Rxa7 Nd3+ 34. Ke3 Ne5 35. Ra8+ Rb8 36. Rxb8# 1-0

[Event "Live Chess"]
[Site "Chess.com"]
[Date "2023.09.16"]
[Round "-"]
[White "Tercette"]
[Black "FerreiraPedro"]
[Result "0-1"]
[WhiteElo "138"]
[BlackElo "1401"]
[TimeControl "900+5"]
[EndTime "15:48:03 PDT"]
[Termination "FerreiraPedro venceu por xeque-mate"]

1. e4 e5 2. Nc3 Nf6 3. Nf3 Nc6 4. Bc4 Bc5 5. Nxe5 Nxe5 6. f4 Nxc4 7. Nd5 Nxd5 8. exd5 Qe7+ 9. Qe2 Qxe2+ 10. Kxe2 d6 11. d3 Nb6 12. Be3 Bxe3 13. Kxe3 Nxd5+ 14. Kd2 Nxf4 15. g3 Ne6 16. g4 O-O 17. g5 Nxg5 18. h4 Nf3+ 19. Ke2 Bg4 20. Rhf1 Nh2+ 21. Kf2 Nxf1 22. Kxf1 Rfe8 23. d4 Re2 24. Re1 Rxe1+ 25. Kxe1 Re8+ 26. Kd2 Re2+ 27. Kd3 f6 28. c4 f5 29. c5 dxc5 30.
dxc5 f4 31. h5 f3 32. h6 f2 33. hxg7 Kxg7 34. b4 f1=Q 35. a4 Qd1+ 36. Kc4 Rc2+ 37. Kb5 Bd7+ 38. Ka5 b6+ 39. cxb6 cxb6+ 40. Ka6 Qd3+ 41.
Kxa7 Rc7+ 42. Kxb6 Qd6+ 43. Ka5 Ra7# 0-1

[Event "Live Chess"]
[Site "Chess.com"]
[Date "2023.09.16"]
[Round "-"]
[White "silvaaps"]
[Black "Miinero"]
[Result "0-1"]
[WhiteElo "760"]
[BlackElo "1920"]
[TimeControl "900+5"]
[EndTime "15:50:15 PDT"]
[Termination "Miinero venceu por xeque-mate"]

1. e4 e5 2. Nf3 Nc6 3. Bb5 Bc5 4. Bxc6 dxc6 5. O-O Bg4 6. d3 Nf6 7. h3 h5 8. hxg4 hxg4 9. Nh2 g3 10. Be3 Bxe3 11.
fxe3 gxh2+ 12. Kf2 Qd7 13. g3 O-O-O 14. Rh1 Ng4+ 15.
Kf3 Qe6 16. Ke2 Qf6 17. Nc3 Qf2# 0-1

[Event "Live Chess"]
[Site "Chess.com"]
[Date "2023.09.16"]
[Round "-"]
[White "Lucas-LGM"]
[Black "RDW085"]
[Result "1-0"]
[WhiteElo "1582"]
[BlackElo "1402"]
[TimeControl "900+5"]
[EndTime "15:50:42 PDT"]
[Termination "Lucas-LGM venceu por desistência"]

1. e4 c6 2. Nc3 d5 3. exd5 cxd5 4.
d4 Bf5 5. Nf3 Nf6 6. Bd3 Bxd3 7.
Qxd3 Nbd7 8. Be3 a6 9. Qf5 e6 10. Qd3 Bd6 11. O-O O-O 12. h3 Re8 13. Ne2 e5 14.
dxe5 Nxe5 15. Nxe5 Bxe5 16. c3 Ne4 17. Nd4 Bc7 18.
Rfe1 Qd6 19. Nf3 Rac8 20. Rad1 Nf6 21. Bd4 Ne4 22. b4 Qg6 23. Be3 Red8 24. g3 Qh5 25. Kg2 Bb8 26. Qd4 Nxc3 27. Rc1 Nxa2 28. Rxc8 Rxc8 29.
Bg5 Nc3 30. Qxc3 Rd8 1-0

[Event "Live Chess"]
[Site "Chess.com"]
[Date "2023.09.16"]
[Round "-"]
[White "Frogstetic"]
[Black "samurai0718"]
[Result "1-0"]
[WhiteElo "2014"]
[BlackElo "1335"]
[TimeControl "900+5"]
[EndTime "15:52:51 PDT"]
[Termination "Frogstetic venceu por xeque-mate"]

1. e4 c5 2. Nf3 d6 3. g3 Nf6 4. d3 g6 5. Bg2 Bg7 6. O-O O-O 7. h3 e5 8. c3 Nc6 9. Nbd2 Qe7 10.
Re1 b6 11. Nf1 Bb7 12. Be3 d5 13. exd5 Nxd5 14. Qd2 Nxe3 15. Nxe3 f5 16. Nc4 Rad8 17.
Qe2 Rfe8 18. Rad1 e4 19. dxe4 Rxd1 20. Qxd1 fxe4 21. Nfd2 Na5 22. Nxa5 bxa5 23. Nxe4 Qe6 24. Nf6+ Qxf6 25. Rxe8+ Kf7 26. Qd7+ Qe7 27. Qxe7# 1-0

[Event "Live Chess"]
[Site "Chess.com"]
[Date "2023.09.16"]
[Round "-"]
[White "stopgivingup"]
[Black "Jonas_Rodrigues"]
[Result "0-1"]
[WhiteElo "975"]
[BlackElo "1299"]
[TimeControl "900+5"]
[EndTime "15:52:55 PDT"]
[Termination "Jonas_Rodrigues venceu por desistência"]

1. c4 Nf6 2. Nc3 d5 3. cxd5 Nxd5 4. e4 Nxc3 5. bxc3 Nc6 6. d4 e6 7. Nf3 Be7 8. Bd3 O-O 9. Be3 f5 10. Qd2 f4 11. Bxf4 Ba3 12. Rb1 a5 13. e5 Ne7 14.
g4 Nd5 15. Bg5 Be7 16. Bh6 Rxf3 17. Ke2 Rxd3 18. Kxd3 gxh6 19. Qxh6 Kf7 20. Qxh7+ Ke8 21. Qg8+ Kd7 22. Qxd8+ Kxd8 23. Rhe1 Ra6 24. h4 Bxh4 0-1

[Event "Live Chess"]
[Site "Chess.com"]
[Date "2023.09.16"]
[Round "-"]
[White "Fellipezin"]
[Black "Ferazo"]
[Result "1-0"]
[WhiteElo "1597"]
[BlackElo "1415"]
[TimeControl "900+5"]
[EndTime "15:53:42 PDT"]
[Termination "Fellipezin venceu por xeque-mate"]

1. c4 c5 2. Nc3 Nf6 3. g3 e6 4.
Bg2 d5 5. cxd5 exd5 6. e3 Be7 7. Nf3 O-O 8. O-O Bg4 9. d4 Nc6 10. Qb3 cxd4 11. Nxd4 Na5 12. Qb5 a6 13. Qd3 Qd7 14.
Bd2 Nc4 15. b3 Nxd2 16. Qxd2 Bb4 17. Rac1 Ne4 18. Bxe4 dxe4 19. Qb2 Rac8 20. Nce2 f5 21. Nf4 Qd6 22. Nde6 Rxc1 23. Qxg7# 1-0

[Event "Live Chess"]
[Site "Chess.com"]
[Date "2023.09.16"]
[Round "-"]
[White "Japaawz"]
[Black "abcgames2904"]
[Result "0-1"]
[WhiteElo "413"]
[BlackElo "1181"]
[TimeControl "900+5"]
[EndTime "15:53:42 PDT"]
[Termination "abcgames2904 venceu por desistência"]

1. e4 Nc6 2. Nf3 e5 3. Bc4 Nf6 4. O-O Bc5 5. Nh4 Nxe4 6. Qe1 Qxh4 7. g3 Qg4 8. Bd5 O-O 9. Bxe4 Nd4 10. Nc3 d5 11. Bxd5 Nxc2 12. Qe4 Qxe4 13. Nxe4 Bh3 14. Rb1 Bxf1 15. Kxf1 Rad8 16. Nc3 c6 17. Bc4 b5 18.
Bb3 Nd4 19. Ne4 Bb6 20. Bd1 f5 21. Ng5 h6 22. Bb3+ Nxb3 23. axb3 Rd3 24. Ne6 Rf6 25.
Ke2 Rxb3 26. Nxg7 Kxg7 27. Ra1 a5 28. d3 f4 29. gxf4 exf4 30. Kf3 Rxd3+ 31. Ke2 Rh3 32. b3 Rxh2 33. Bb2 Rxf2+ 0-1

[Event "Live Chess"]
[Site "Chess.com"]
[Date "2023.09.16"]
[Round "-"]
[White "RDW085"]
[Black "silvaaps"]
[Result "1-0"]
[WhiteElo "1402"]
[BlackElo "760"]
[TimeControl "900+5"]
[EndTime "15:53:44 PDT"]
[Termination "RDW085 venceu por desistência"]

1. e4 d5 2. Nf3 dxe4 3. Ng5 f6 4. Nxe4 Bf5 5. Qf3 Bxe4 6. Qxe4 c6 7. Bc4 Nh6 8. d3 f5 9. Qe5 Qd6 10. Qc3 e6 11. Bxh6 gxh6 12. Qxh8 b5 13. Bb3 a5 14. a3 a4 15. Ba2 Nd7 16. O-O O-O-O 17. Qc3 Qe7 18. Nd2 Qh4 19. Bxe6 Bd6 20. Qxc6+ Bc7 21. g3 Qxh2+ 22. Kxh2 1-0

[Event "Live Chess"]
[Site "Chess.com"]
[Date "2023.09.16"]
[Round "-"]
[White "Larissa1413"]
[Black "Gustavoksbr"]
[Result "0-1"]
[WhiteElo "1913"]
[BlackElo "1901"]
[TimeControl "900+5"]
[EndTime "15:53:46 PDT"]
[Termination "Gustavoksbr venceu por xeque-mate"]

1. d4 Nf6 2. c4 g6 3. Nc3 d5 4. cxd5 Nxd5 5. e4 Nxc3 6. bxc3 c5 7. Nf3 Bg7 8. e5 Nc6 9. Bb5 O-O 10. Bxc6 bxc6 11.
O-O Bg4 12. Re1 Bxf3 13. gxf3 e6 14. Ba3 Qg5+ 15. Kh1 Rfb8 16. Rg1 Qh4 17. Qe2 cxd4 18.
Rg4 d3 19. Qe3 Qh5 20. Bd6 Rb5 21. Qxd3 Rd8 22. Qe3 Bxe5 23. Bxe5 Rxe5 24. Qxa7 Rd2 25. Rf1 Ree2 26. Kg2 Qd5 27. Qb8+ Kg7 28. Qb6 Rxa2 29. c4 Qd2 30. h4 h5 31. Rg3 Rc2 32. Qa7 Qf4 33.
Kh3 Rxc4 34. Kg2 Qxh4 35. Qa1+ Qd4 36. Qxd4+ Rxd4 37. Rc1 Rdd2 38. Rxc6 Rxf2+ 39. Kg1 Rfe2 40. Kf1 Rh2 41. Kg1 h4 42. Rg4 h3 43. Rc7 Rhe2 44. Kf1 h2 45. Rh4 Rf2+ 46. Ke1 Rde2+ 47. Kd1 Rg2 48.
Rc8 Ra2 49. Rc1 Rg1# 0-1

[Event "Live Chess"]
[Site "Chess.com"]
[Date "2023.09.16"]
[Round "-"]
[White "MNPedroh"]
[Black "angelinho2006"]
[Result "0-1"]
[WhiteElo "1854"]
[BlackElo "2094"]
[TimeControl "900+5"]
[EndTime "15:54:09 PDT"]
[Termination "angelinho2006 venceu por desistência"]

1. e4 c5 2. Nf3 d6 3. c3 Nf6 4.
Be2 Nc6 5. d4 cxd4 6. cxd4 Nxe4 7.
d5 Qa5+ 8. Nc3 Nxc3 9. bxc3 Nd8 10. O-O g6 11. Qd4 f6 12. Bd2 Bg7 13. c4 Qc5 14. Qb2 O-O 15. Be3 Qc7 16. Rac1 b6 17. Qd2 e5 18. Bh6 Nb7 19. Rfe1 Nc5 20. Bf1 Bg4 21.
Bxg7 Kxg7 22. Re3 Bxf3 23. Rxf3 Qe7 24. Rh3 f5 25. Qh6+ Kg8 26. Rcc3 Ne4 27. Rce3 Qg7 28. Qh4 g5 29. Qh5 Nf6 30. Qd1 g4 31. Rh4 Qg5 32. g3 f4 33. Re1 h5 34. Be2 Rf7 35. Bd3 Kg7 36. Qd2 Re8 37. Be4 Rc7 0-1